 Dungeon Crawl Stone Soup version 0.29.1-1-gd02db6906a (webtiles) character file.

Game seed: 6160802386162544681

21 xian the Gusty (level 2, 0/20 HPs)
             Began as a Draconian Air Elementalist on Sept 27, 2022.
             Slain by a worm (5 damage)
             ... on level 2 of the Dungeon.
             The game lasted 00:01:47 (1249 turns).

xian the Gusty (Draconian Air Elementalist)         Turns: 1249, Time: 00:01:48

Health: 0/20       AC:  4    Str: 10    XL:     2   Next: 62%
Magic:  2/14       EV: 12    Int: 15    God:
Gold:   94         SH:  0    Dex: 11    Spells: 3/6 levels left

rFire   + . .      SeeInvis .   c - +0 short sword
rCold   . . .      Faith    .   (no shield)
rNeg    . . .      Spirit   .   (body armour unavailable)
rPois   .          Reflect  .   (helmet restricted)
rElec   .          Harm     .   (no cloak)
rCorr   .          Rampage  .   (no gloves)
Will    .....                   (no boots)
Stlth   ++........              (no amulet)
HPRegen 0.06/turn               b - ring of magical power
MPRegen 0.14/turn               i - ring of protection from fire

@: no status effects
A: AC +4, unfitting armour, cold-blooded
a: no special abilities


You were on level 2 of the Dungeon.
You visited 1 branch of the dungeon, and saw 2 of its levels.

You collected 94 gold pieces.

Inventory:

Hand Weapons
 c - a +0 short sword (weapon)
Magical Staves
 j - a staff of earth
Jewellery
 b - a ring of magical power (left hand)
 i - a ring of protection from fire (right hand)
Scrolls
 g - a scroll of teleportation {unknown}
Potions
 a - a potion of magic
 d - 3 potions of might {unknown}
 e - a potion of heal wounds {unknown}
 f - 2 potions of curing {unknown}
 h - 2 potions of attraction {unknown}
 k - a potion of haste {unknown}


   Skills:
 + Level 1.8 Dodging
 + Level 1.8 Stealth
 + Level 2.5 Spellcasting
 + Level 1.2 Conjurations
 + Level 3.4 Air Magic


You had 3 spell levels left.
You knew the following spells:

 Your Spells              Type           Power      Damage    Failure   Level
a - Shock                 Conj/Air       32%        1d5       9%          1
b - Static Discharge      Conj/Air       8%         3-4/arc   12%         2

Your spell library contained the following spells:

 Spells                   Type           Power      Damage    Failure   Level
 Swiftness                Air            12%        N/A       16%         3
 Airstrike                Air            6%         2d(1-17)  45%         4


Dungeon Overview and Level Annotations

Branches:
Dungeon (2/15)

Altars:


Innate Abilities, Weirdness & Mutations

Your plain brown scales are hard. (AC +4)
You cannot fit into any form of body armour.
You are cold-blooded and may be slowed by cold attacks.


Message History

You are struck by an arc of lightning.
The worm is struck by an arc of lightning!
You kill the worm!
The lightning grounds out.
Casting: Static Discharge (safe; 12% risk of failure)
Confirm with . or Enter, or press ? or * to list all spells.
Okay, then.
The zap hits the worm.
The worm is lightly wounded.
Casting: Shock (safe; 9% risk of failure)
Confirm with . or Enter, or press ? or * to list all spells.
The worm is struck by an arc of lightning.
The worm is moderately wounded.
You are struck by an arc of lightning.
The worm is struck by an arc of lightning.
The worm is heavily wounded.
The lightning grounds out.
Casting: Static Discharge (safe; 12% risk of failure)
Confirm with . or Enter, or press ? or * to list all spells.
You don't have enough magic to cast this spell.
Casting: Static Discharge (safe; 12% risk of failure)
Confirm with . or Enter, or press ? or * to list all spells.
You don't have enough magic to cast this spell.
You hit the worm.
The worm is heavily wounded.
The worm completely misses you.
You hit the worm but do no damage.
The worm is heavily wounded.
The worm bites you!
You hit the worm.
The worm is heavily wounded.
You hit the worm.
You tail-slap the worm, but do no damage.
The worm is severely wounded.
The worm bites you.
* * * LOW HITPOINT WARNING * * *
Your magical contamination has completely faded away.
A kobold comes into view. It is wielding a +0 short sword.
The worm bites you.
You die...

#....#
###.#.########
#.... #.#.#
#.#.# #.#.#
#.#.# ###
#.#.# ....
#.#.##K....
#.#........
####
#.#@##.....
...# #...w...#
...# ###.#####
...### #.##
.....### #..#
...#...####
##.####
...#......#
#....#
...#......#
#....#
...#......#
#....#


You could see a worm and a kobold (asleep).

Vanquished Creatures
  A worm (D:2)
  An endoplasm (D:1)
  A giant cockroach (D:1)
  3 goblins
  2 hobgoblins
  2 ball pythons
  A bat (D:2)
  2 frilled lizards
  A kobold (D:1)
  3 rats
17 creatures vanquished.

Notes
Turn   | Place    | Note
-------+----------+-------------------------------------------
     0 | D:1      | xian the Draconian Air Elementalist began the quest for the
                  | Orb.
     0 | D:1      | Reached XP level 1. HP: 14/14 MP: 3/3
   632 | D:1      | Reached XP level 2. HP: 20/20 MP: 5/5
   635 | D:1      | Learned a level 2 spell: Static Discharge
   839 | D:2      | Found a faded altar of an unknown god.
  1249 | D:2      | Slain by a worm

Illustrated notes

Levels and vault maps discovered:
D:1:      grunt_arrival_lava_bath, layout_loops_ring, minmay_pentomino_x2
D:2:      layout_basic, chequers_ecumenical_altar_island

Action                   || total
-------------------------++-------
Melee: Short sword       ||     5
       Tailslap          ||     1
 Cast: Shock             ||    48
       Static Discharge  ||     4
Armor: Skin              ||     6
Dodge: Dodged            ||    13
